 Dungeon Crawl Stone Soup version 0.29.0-15-g675c0067aa (webtiles) character file.

Game seed: 1627940836254153834

4 qw the Sneak (level 1, 0/14 HPs)
             Began as a Gargoyle Delver on Sept 11, 2022.
             Slain by an orc wizard
             ... wielding a +0 dagger
              (3 damage)
             ... on level 4 of the Dungeon.
             The game lasted 00:00:05 (101 turns).

qw the Sneak (Gargoyle Delver)                       Turns: 101, Time: 00:00:06

Health: 0/14       AC:  5    Str: 15    XL:     1   Next: 60%
Magic:  1/1        EV: 11    Int: 10    God:
Gold:   44         SH:  0    Dex: 11    Spells: 0/0 levels left

rFire   . . .      SeeInvis .   Y - +0 hand axe
rCold   . . .      Faith    .   (no shield)
rNeg    + . .      Spirit   .   b - +0 leather armour
rPois   inf        Reflect  .   (no helmet)
rElec   +          Harm     .   (no cloak)
rCorr   .          Rampage  .   (no gloves)
Will    .....                   (no boots)
Stlth   +.........              (no amulet)
HPRegen 0.04/turn               (no ring)
MPRegen 0.07/turn               (no ring)

@: confused
A: sickness immunity, AC +2, negative energy resistance 1, electricity
resistance, torment resistance 1, petrification resistance
a: no special abilities


You were on level 4 of the Dungeon.
You visited 1 branch of the dungeon, and saw 2 of its levels.

You collected 44 gold pieces.


Innate Abilities, Weirdness & Mutations

You are immune to sickness and miasma.
Your stone body is resilient. (AC +2)
You are immune to poison.
You resist negative energy. (rN+)
You are resistant to electric shocks. (rElec)
You are resistant to unholy torment.
You are immune to petrification.


   Skills:
 - Level 3.2 Fighting
 + Level 2.1 Axes
 - Level 1.5 Dodging
 - Level 5.4 Stealth


You couldn't memorise any spells.
You didn't know any spells.
Your spell library was empty.

Inventory:

Hand Weapons
 i - a +0 morningstar
 Y - a +0 hand axe (weapon)
Armour
 b - a +0 leather armour (worn)
Wands
 g - a wand of digging (3)
Potions
 f - a potion of haste

Dungeon Overview and Level Annotations

Branches:
Dungeon (5/15)
 Temple: D:4-7

Altars:


Message History

The puff of flame misses you.
You hit the orc wizard.
The orc wizard is moderately wounded.
The orc wizard casts a spell at you. You resist with significant effort.
The orc wizard hits you but does no damage.
You closely miss the orc wizard.
The orc wizard is moderately wounded.
The orc wizard hits you with a +0 dagger.
You hit the orc wizard but do no damage.
The orc wizard is moderately wounded.
The orc wizard hits you with a +0 dagger.
You hit the orc wizard but do no damage.
The orc wizard is moderately wounded.
The orc wizard hits you but does no damage.
You barely miss the orc wizard.
The orc wizard is moderately wounded.
The orc wizard closely misses you.
You hit the orc wizard.
The orc wizard is moderately wounded.
The orc wizard closely misses you. The orc wizard casts a spell at you.
You are confused.
The orc wizard hits you but does no damage.
The orc wizard hits you with a +0 dagger.
You hit the orc wizard.
The orc wizard is severely wounded.
The orc wizard gestures at you while chanting.
The magic dart hits you.
You hit the orc wizard.
The orc wizard is severely wounded.
The orc wizard closely misses you.
You feel less confused.
The orc wizard gestures at you while chanting.
You are confused.
The orc wizard hits you with a +0 dagger.
You closely miss the orc wizard.
The orc wizard is severely wounded.
The orc wizard hits you with a +0 dagger.
You die...

#...# ####)###
#......#
#.##.#.#######
# #.#..>....#
#......##.#
###..#.....
#.####..####.#
#.....@o# #
#######......#
########


You could see an orc wizard.

Vanquished Creatures
  2 orcs (D:4)
2 creatures vanquished.

Vanquished Creatures (others)
  An orc (D:5)
1 creature vanquished.

Grand Total: 3 creatures vanquished

Notes
Turn   | Place    | Note
-------+----------+-------------------------------------------
     0 | D:5      | qw the Gargoyle Delver began the quest for the Orb.
     0 | D:5      | Reached XP level 1. HP: 14/14 MP: 1/1
     0 | D:5      | 0 ||| qw: Version: 0.1-a-117-gfe26ee0
     0 | D:5      | 0 ||| qw: Game counter: 9942
     0 | D:5      | 0 ||| qw: Always use a shield: true
     0 | D:5      | 0 ||| qw: God list: Okawaru
     0 | D:5      | 0 ||| qw: Allow faded altars: false
     0 | D:5      | 0 ||| qw: Do Orc after D:15 true
     0 | D:5      | 0 ||| qw: Do second Lair branch before Depths: true
     0 | D:5      | 0 ||| qw: Lair rune preference: random
     0 | D:5      | 0 ||| qw: Plans: Normal
     0 | D:5      | 0 ||| PLANNING D:1-11
    33 | D:5      | 33 ||| READING scroll labelled SONATHR WUES.
    34 | D:5      | 34 ||| DROPPING scroll of fog.
    35 | D:5      | 35 ||| DROPPING scroll of magic mapping.
    36 | D:5      | 36 ||| DROPPING scroll of fear.
    62 | D:4      | Noticed an orc wizard
    63 | D:4      | 63 ||| Stepping ~*~*~tactically~*~*~ (stealth).
    66 | D:4      | 66 ||| Stepping ~*~*~tactically~*~*~ (stealth).
    67 | D:4      | 67 ||| Stepping ~*~*~tactically~*~*~ (stealth).
    70 | D:4      | 70 ||| Stepping ~*~*~tactically~*~*~ (stealth).
    72 | D:4      | 72 ||| Stepping ~*~*~tactically~*~*~ (stealth).
    82 | D:4      | 82 ||| Stepping ~*~*~tactically~*~*~ (stealth).
    97 | D:4      | HP: 3/14 [orc wizard/magic dart (5)]
   101 | D:4      | Slain by an orc wizard

Levels and vault maps discovered:
D:4:      layout_loops_cross, zin_academy, minmay_door_square
D:5:      layout_loops_ring, tgw_xom, serial_shops,
          nicolae_shop_overgrown_old_shop, minivault_24, lemuel_flamethrower_2

Skill      XL: |  1 |
---------------+----+-----
Axes           | 2 |  2.1
Fighting       | |  3.2
Dodging        | |  1.5
Stealth        | |  5.4

Action                   || total
-------------------------++-------
Melee: Hand axe          ||    13
  Use: Scroll            ||     1
Armor: Leather armour    ||     5
Dodge: Dodged            ||     5

Table legend:
 A = Non-vault XP
 B = Vault XP
 C = Vault XP percentage of total XP
 D = Non-vault monster count
 E = Vault monster count
 F = Vault count percentage of total count
                 A         B        C        D         E       F
            +---------+---------+-------+---------+---------+-------
      Total |       6 |       0 |   0.0 |       2 |       0 |   0.0
            +---------+---------+-------+---------+---------+-------
        D:4 |       6 |       0 |   0.0 |       2 |       0 |   0.0
            +---------+---------+-------+---------+---------+-------
